 Dungeon Crawl Stone Soup version 0.30.0-11-gf55b779eaf (webtiles) character file.

Game seed: 12858379218489683030

95 ProzacElf the Sneak (level 4, -3/33 HPs)
             Began as a Vampire Warper on May 17, 2023.
             Slain by a gnoll
             ... wielding a +0 flail
              (7 damage)
             ... on level 2 of the Dungeon.
             The game lasted 00:06:11 (2037 turns).

ProzacElf the Sneak (Vampire Warper)                Turns: 2037, Time: 00:06:12

Health: -3/33      AC:  7    Str: 12    XL:     4   Next: 40%
Magic:  7/7        EV:  9    Int: 15    God:
Gold:   98         SH:  0    Dex: 13    Spells: 3/7 levels left

rFire   . . .        a - +0 falchion
rCold   . . .        (no shield)
rNeg    . . .        r - +0 scale mail
rPois   .            w - +0 helmet
rElec   .            (no cloak)
rCorr   .            (no gloves)
SInv    +            (no boots)
Will    .....        g - amulet of the acrobat
Stlth   +            (no ring)
HPRegen 0.45/turn    (no ring)
MPRegen 0.10/turn

%: acrobat
@: healing quickly
A: alive, fangs 3, see invisible, vampiric 2
a: Exsanguinate


You were on level 2 of the Dungeon.
You visited 1 branch of the dungeon, and saw 3 of its levels.

You collected 98 gold pieces.

Inventory:

Hand Weapons
 a - a +0 falchion (weapon)
Missiles
 d - 7 boomerangs of dispersal
 t - 6 boomerangs (quivered)
Armour
 b - a +0 leather armour
 i - a +0 plate armour
 r - a +0 scale mail (worn)
 w - a +0 helmet (worn)
Jewellery
 g - an amulet of the acrobat (around neck)
Wands
 h - a wand of mindburst (36)
Scrolls
 f - a scroll of fog {unknown}
 l - a scroll of identify {unknown}
 m - a scroll of teleportation {unknown}
 o - a scroll of noise {unknown}
 s - 2 scrolls of magic mapping {unknown}
 v - a scroll of immolation {unknown}
Potions
 e - a potion of curing {unknown}
 j - 2 potions of haste {unknown}
 k - a potion of ambrosia {unknown}
 n - 2 potions of heal wounds {unknown}
 p - a potion of magic {unknown}
 q - 2 potions of degeneration {unknown}
 u - a potion of attraction {unknown}


   Skills:
 - Level 1.7 Fighting
 + Level 3.5 Long Blades
 - Level 0.7 Throwing
 - Level 0.7 Armour
 - Level 2.1 Dodging
 + Level 4.5 Stealth
 - Level 2.0 Spellcasting
 - Level 2.4 Translocations


You had 3 spell levels left.
You knew the following spells:

 Your Spells              Type           Power      Damage    Failure   Level
o - Blink                 Tloc           16%        N/A       56%         2
v - Lesser Beckoning      Tloc           16%        N/A       56%         2

Your spell library contained the following spells:

 Spells                   Type           Power      Damage    Failure   Level
 Teleport Other           Tloc           8%         N/A       80%         3
 Sublimation of Blood     Necr           1%         N/A       87%         2
 Vhi's Electric Charge    Tloc/Air       10%        N/A       91%         3
 Manifold Assault         Tloc           8%         N/A       99%         4
 Petrify                  Tmut/Erth      1%         N/A       100%        4
 Irradiate                Conj/Tmut      0%         3d11      100%        5


Dungeon Overview and Level Annotations

Branches:
Dungeon (3/15)

Altars:
Wu Jian


Innate Abilities, Weirdness & Mutations

Your natural rate of healing is accelerated.
You have razor-sharp teeth.
You have supernaturally acute eyesight. (SInv)
You are afflicted with vampirism and can become a bat while bloodless.


Message History

Ye barely miss tha rat.
Tha rat bites ye.
Ye take 1 damage, an' haf 18/33 hp.
Ye hit tha rat.
Ye kill tha rat!
Ye barely miss tha gnoll.
Tha gnoll barely misses ye.
Ye hit tha gnoll.
Tha gnoll be moderately wounded.
Tha gnoll hits ye wit' a +0 flail.
Tha gnoll barely misses ye.
Ye take 1 damage, an' haf 18/33 hp.
Ye hit tha gnoll.
Tha gnoll be moderately wounded.
Tha gnoll hits ye wit' a +0 flail.
Ye take 3 damage, an' haf 15/33 hp.
Ye hit tha gnoll but do nay damage.
Tha gnoll be moderately wounded.
Tha gnoll hits ye wit' a +0 flail.
Ye take 2 damage, an' haf 13/33 hp.
Ye hit tha gnoll but do nay damage.
Tha gnoll be moderately wounded.
Tha gnoll hits ye wit' a +0 flail.
Ye take 2 damage, an' haf 11/33 hp.
Ye barely miss tha gnoll.
Tha gnoll be moderately wounded.
Tha gnoll hits ye but does nay damage.
Ye barely miss tha gnoll.
Tha gnoll be moderately wounded.
Tha gnoll barely misses ye.
Ye hit tha gnoll but do nay damage.
Tha gnoll be moderately wounded.
Tha gnoll hits ye wit' a +0 flail.
Ye take 1 damage, an' haf 11/33 hp.
Ye barely miss tha gnoll.
Tha gnoll be moderately wounded.
Tha gnoll hits ye wit' a +0 flail!
* * * LOW HITPOINT WARNIN'
* * * Ye take 8 damage, an' haf 3/33 hp.
MASSIVE DAMAGE!!
Ye barely miss tha gnoll.
Tha gnoll be moderately wounded.
Tha gnoll hits ye wit' a +0 flail!
Ye die...

#.#.########..##.# #.## ####.#.#
#.....##.#####.## #<...#.#
##.##............. #.####.#
#............##.## #.# #.#
#.>##..###.#.##.## #.# #.#
#†.##).# #.#.##.## #.# #.#
#o###..###.#.##.## #.# #<# #g#
#.....^.....## #.####.## #@#
##.###.#.####. ## #.#..<..# #.#
#........# #. .# #.#.##..###.#
#.#.##.### #. .# #...........#
#....#.## #.
.#####...##..###.###.......#####.
.#.......##..............#.....†.
...........................######
.........##.####.................
[.†..###.##.# #.....#..#########


You could see a gnoll and an orc.

Vanquished Creatures
  2 gnolls (D:3)
  An adder (D:2)
  3 dart slugs (D:1)
  An orc (D:3)
  8 ball pythons
  6 endoplasms
  A giant cockroach (D:1)
  6 goblins
  7 hobgoblins
  3 jackals (D:1)
  3 quokkas
  5 bats
  2 kobolds
  8 rats
56 creatures vanquished.

Notes
Turn   | Place    | Note
-------+----------+-------------------------------------------
     0 | D:1      | ProzacElf the Vampire Warper began the quest for the Orb.
     0 | D:1      | Reached XP level 1. HP: 16/16 MP: 3/3
    59 | D:1      | Reached skill level 1 in Stealth
    87 | D:1      | You fall into a shaft and drop 1 floor!
   198 | D:2      | Reached XP level 2. HP: 19/22 MP: 5/5
   298 | D:2      | Reached skill level 2 in Stealth
   582 | D:1      | Reached skill level 3 in Stealth
   584 | D:1      | Gained mutation: You are afflicted with vampirism and can
                  | become a bat while bloodless. [Vampire growth]
   584 | D:1      | Reached XP level 3. HP: 24/27 MP: 6/6
   733 | D:1      | Learned a level 2 spell: Blink
   736 | D:1      | Learned a level 2 spell: Lesser Beckoning
  1561 | D:3      | Reached skill level 4 in Stealth
  1578 | D:3      | Reached XP level 4. HP: 21/33 MP: 7/7
  1773 | D:3      | Found an ornate altar of the Wu Jian Council.
  1900 | D:3      | Noticed a centaur
  2037 | D:2      | Slain by a gnoll

Illustrated notes

Levels and vault maps discovered:
D:1:      dpeg_arrival_erosion, layout_loops_ring, minmay_bisected
D:2:      layout_loops_ring, minmay_liquid_box, minmay_pentomino_r2
D:3:      layout_rooms, nicolae_wu_jian_wuxing_cycle,
          ebering_ecumenical_altar_petrified, uniq_crazy_yiuf_cottage

Skill      XL: |  1  2  3 |
---------------+----------+-----
Stealth        | 1 3 4 |  4.5
Long Blades    | 3 |  3.5
Fighting       | |  1.7
Throwing       | |  0.7
Armour         | |  0.7
Dodging        | |  2.1
Spellcasting   | |  2.0
Translocations | |  2.4

Action                     |  1- 3 |  4- 6 || total
---------------------------+-------+-------++-------
  Melee: Falchion          |   141 |    51 ||   192
         Bite              |    12 |     1 ||    13
   Cast: Blink             |       |     1 ||     1
    Use: Scroll            |       |     1 ||     1
   Stab: Sleeping          |     3 |       ||     3
 Armour: Leather armour    |     7 |       ||     7
         Scale mail        |    43 |    41 ||    84
  Dodge: Dodged            |   112 |    73 ||   185

Action                     |  1- 3 |  4- 6 || total
---------------------------+-------+-------++-------
  Melee: Falchion          |   141 |    51 ||   192
         Bite              |    12 |     1 ||    13
   Cast: Blink             |       |     1 ||     1
    Use: Scroll            |       |     1 ||     1
   Stab: Sleeping          |     3 |       ||     3
 Armour: Leather armour    |     7 |       ||     7
         Scale mail        |    43 |    41 ||    84
  Dodge: Dodged            |   112 |    73 ||   185

Levels and vault maps discovered:
D:1:      dpeg_arrival_erosion, layout_loops_ring, minmay_bisected
D:2:      layout_loops_ring, minmay_liquid_box, minmay_pentomino_r2
D:3:      layout_rooms, nicolae_wu_jian_wuxing_cycle,
          ebering_ecumenical_altar_petrified, uniq_crazy_yiuf_cottage
